Cogmind - Beta 14 @@@ ROGUE MODE // 2025.01.17 @ 08:35:21 Player: Hydrogenious Result: Core destroyed Performance ------------- Evolutions (2) 1000 Regions Visited (5) 1000 Robots Destroyed (23) 115 Value Destroyed (596) 596 Prototype IDs (4) 80 Alien Tech Used (0) 0 Bonus (0) 0 TOTAL SCORE: 2791 Bonus ------- None Cogmind --------- Core Integrity 0/550 Matter 224/300 Energy 63/140 System Corruption 0% Temperature Critical (583) Movement Core (350) Ox6 Location -8/Materials Parts ------- > --- POWER (1) -------- Light Deuterium Engine > --- PROPULSION (3) --- (None) > --- UTILITY (4) ------ Medium Storage Unit Improved Signal Interpreter > --- WEAPON (3) ------- Rocket Launcher > --- INVENTORY (10) --- Ion Engine Ion Engine Improved Ion Engine Light Nuclear Core Small Storage Unit Medium Laser Peak State ------------ > --- POWER ------------ Light Deuterium Engine > --- PROPULSION ------- Aluminum Leg Aluminum Leg VSS Leg > --- UTILITY ---------- Medium Storage Unit Improved Signal Interpreter > --- WEAPON ----------- Advanced Beam Cannon Ion Cannon Ion Cannon > --- INVENTORY -------- Ion Engine Ion Engine Improved Ion Engine Light Nuclear Core Small Storage Unit Medium Laser Rocket Launcher [Rating: 22] Favorites ----------- Power Ion Engine Engine Ion Engine Power Core Nuclear Core Propulsion Compact Wheel Leg Aluminum Leg Wheel Compact Wheel Utility Medium Storage Unit Device Sensor Array Storage Medium Storage Unit Processor Improved Signal Interpreter Weapon Assault Rifle Energy Gun Medium Laser Energy Cannon Ion Cannon Ballistic Gun Assault Rifle Launcher Grenade Launcher Build | -11 -10 -10 -10 -9 -8 ------- Run | Yrd Mat Min Exi Min Mat Slots Evolved 4 | . . . . . 4 Power . | . . . . . . Propulsion 1 | . . . . . 1 Utility 2 | . . . . . 2 Weapon 1 | . . . . . 1 Parts Attached 29 | 6 7 2 . 5 9 Power 4 | 1 . 1 . . 2 Engine 3 | 1 . 1 . . 1 Core 1 | . . . . . 1 Reactor . | . . . . . . Propulsion 5 | 2 . . . 2 1 Treads . | . . . . . . Leg 3 | . . . . 2 1 Wheel 2 | 2 . . . . . Hover . | . . . . . . Flight . | . . . . . . Utility 6 | 1 2 . . 1 2 Device 3 | . 1 . . 1 1 Storage 2 | 1 1 . . . . Processor 1 | . . . . . 1 Hackware . | . . . . . . Protection . | . . . . . . Artifact . | . . . . . . Weapon 14 | 2 5 1 . 2 4 Energy Gun 1 | . . . . 1 . Energy Cannon 3 | . . . . . 3 Ballistic Gun 6 | 2 3 . . 1 . Ballistic Cannon . | . . . . . . Launcher 4 | . 2 1 . . 1 Special Weapon . | . . . . . . Impact Weapon . | . . . . . . Slashing Weapon . | . . . . . . Piercing Weapon . | . . . . . . Special Melee Weapon . | . . . . . . Unidentified Prototypes 1 | . . . . . 1 Parts Lost 15 | . . 1 . 6 8 Power 1 | . . . . . 1 Propulsion 5 | . . . . 2 3 Utility 3 | . . . . 2 1 Weapon 6 | . . 1 . 2 3 Highest Loss Streak 8 | . . 1 . 5 8 To Critical Strikes . | . . . . . . Average Slot Usage (%) 81 | . 95 94 85 76 69 Engine 12 | . 14 14 14 14 7 Leg 7 | . . . . 11 19 Wheel 18 | . 28 28 28 13 . Device 9 | . 10 14 14 4 5 Storage 12 | . 14 14 14 14 9 Energy Gun 3 | . . . . 6 8 Energy Cannon 2 | . . . . . 13 Ballistic Gun 11 | . 22 14 14 11 . Launcher 1 | . 5 9 . . . Peak Build Rating 22 | 6 7 7 6 7 22 Average Rating 7 | 4 6 6 6 5 13 On Entrance 5 | . 6 7 6 6 6 Naked Turns . | . . . . . . Heaviest Build 31 | 13 21 21 18 19 31 Greatest Support 32 | 26 26 26 26 26 32 Greatest Overweight (x) 9 | . . . . 5 9 Average Overweight (x) . | . . . . . . Largest Inventory Capacity 10 | 8 10 10 10 10 10 Average Capacity 9 | 7 8 10 10 10 10 Most Carried 9 | 5 5 6 6 7 9 Average Carried 5 | 1 4 5 6 6 7 Final Capacity 10 | 8 10 10 10 10 10 Final Carried 7 | 2 5 6 6 7 6 Class Distribution -------------------- 86% | Mutant 11% | Gunner Dominant Class ---------------- Mutant | -10/Materials Mutant | -10/Mines Mutant | -10/Exiles Mutant | -9/Mines Gunner | -8/Materials Resources | -11 -10 -10 -10 -9 -8 ----------- Run | Yrd Mat Min Exi Min Mat Matter Collected 559 | 211 57 105 . 107 79 Remotely . | . . . . . . Salvage Created 654 | . 57 73 . 163 361 Parts 45 | . 9 2 . 12 22 Haulers Intercepted . | . . . . . . Recyclers Shooed 1 | . . . . . 1 Parts Field Recycled . | . . . . . . Retrieved Matter . | . . . . . . Parts Self-Destructed . | . . . . . . Prevented . | . . . . . . Kills | -11 -10 -10 -10 -9 -8 ------- Run | Yrd Mat Min Exi Min Mat Combat Hostiles Destroyed 19 | . 6 2 . 5 6 Guns 9 | . 4 . . 5 . Cannons 4 | . . . . . 4 AOE 5 | . 2 2 . . 1 Classes Destroyed 7 | . 1 1 . 1 4 Worker 2 | . . . . 1 1 Builder 1 | . . . . . 1 Watcher 1 | . . . . . 1 Swarmer 9 | . 6 . . 3 . Grunt 7 | . . 2 . 2 3 Duelist 1 | . . . . . 1 Specialist 2 | . . . . . 2 Best Kill Streak 6 | . 6 2 . 3 6 Combat Bots Only 6 | . 6 2 . 3 2 Max Kills in Single Turn 2 | . 2 2 . 1 2 Gunslinging . | . . . . . . Exploded 2 | . 2 2 . . 1 Melee . | . . . . . . Uniques/NPCs Destroyed . | . . . . . . Combat | -11 -10 -10 -10 -9 -8 -------- Run | Yrd Mat Min Exi Min Mat Hostile Shots Fired 107 | . 22 7 . 37 41 Missed 18 | . 5 1 . 6 6 Damage Taken 1755 | . 142 140 . 389 1084 Core 706 | . 10 60 . 56 580 Absorbed by Shields . | . . . . . . Core Remaining (%) 74 | 100 . . . 49 . Volleys Fired 64 | . 10 2 . 28 24 Largest 3 | . 2 2 . 2 3 Hottest 178 | . 50 50 . 50 178 Shots Fired 107 | . 14 4 . 43 46 Gun 70 | . 13 2 . 43 12 Cannon 33 | . . . . . 33 Launcher 4 | . 1 2 . . 1 Special . | . . . . . . Kinetic 57 | . 13 2 . 42 . Thermal 46 | . . . . 1 45 Explosive 4 | . 1 2 . . 1 Electromagnetic . | . . . . . . Robot Hit Streak 5 | . 4 2 . 5 5 Robot Miss Streak 5 | . 3 3 . 5 5 Penetration Max . | . . . . . . Secondary Targets 2 | . . . . 2 . Max Gunslinging Chain 1 | . . . . 1 . Shots Hit Robots 59 | . 7 2 . 26 24 Core Hits 37 | . 6 6 . 10 15 Critical Kills 2 | . 1 . . . 1 Critical Parts Destroyed . | . . . . . . Critical Strikes 2 | . 1 . . . 1 Meltdown 1 | . . . . . 1 Destroy 1 | . 1 . . . . Melee Attacks . | . . . . . . Impact . | . . . . . . Slashing . | . . . . . . Piercing . | . . . . . . Sneak Attacks . | . . . . . . Combat Hostiles . | . . . . . . Follow-up Attacks . | . . . . . . Damage Inflicted 1299 | . 223 151 . 276 649 Guns 465 | . 74 14 . 276 101 Cannons 413 | . . . . . 413 Explosions 411 | . 149 127 . . 135 Melee . | . . . . . . Ramming 10 | . . 10 . . . Kinetic 351 | . 74 14 . 263 . Thermal 527 | . . . . 13 514 Explosive 411 | . 149 127 . . 135 Electromagnetic . | . . . . . . Impact . | . . . . . . Slashing . | . . . . . . Piercing . | . . . . . . Highest Corruption . | . . . . . . Average Corruption . | . . . . . . Corruption Purged . | . . . . . . Corruption Blocked . | . . . . . . Overload Shots . | . . . . . . Overflow Damage 3 | . 3 . . . . Projectiles . | . . . . . . Explosions 3 | . 3 . . . . Melee . | . . . . . . Knockbacks . | . . . . . . Impact . | . . . . . . Kinetic . | . . . . . . Secondary . | . . . . . . Self-Inflicted Damage 52 | . . 5 . . 47 Shots 1 | . . . . . 1 Rammed 2 | . . 2 . . . Targets Rammed 2 | . . 2 . . . Kicked . | . . . . . . Crushed . | . . . . . . Highest Temperature 803 | . . 18 . 27 803 Average Temperature 343 | . . 11 . 12 456 Received Heat Transfer 495 | . . 39 . 204 252 Effects 56 | . . . . . 56 Shutdowns 5 | . . . . . 5 Energy Bleed 7 | . . . . . 7 Interference 5 | . . . . . 5 Matter Decay 1 | . . . . . 1 Short Circuit 5 | . . . . . 5 Damage (minor) 4 | . . . . . 4 Damage (major) 22 | . . . . . 22 Damage (core) 7 | . . . . . 7 Siege Activations . | . . . . . . Robots Corrupted . | . . . . . . Combat Hostiles . | . . . . . . Parts Fried . | . . . . . . Impact Corruptions . | . . . . . . Robots Melted 1 | . . . . . 1 Combat Hostiles 1 | . . . . . 1 Parts Melted 3 | . . . . . 3 Heat Transferred 1036 | . . . . 37 999 Parts Sabotaged . | . . . . . . Parts Stolen . | . . . . . . Parts Stripped . | . . . . . . Power Chain Reactions . | . . . . . . Alert | -11 -10 -10 -10 -9 -8 ------- Run | Yrd Mat Min Exi Min Mat Peak Influence 175 | . 168 144 . 80 175 Initial 65 | . . 65 . . 25 Average 64 | . 82 121 . 50 59 Maximum Alert Level . | . . . . . . Low Security (%) 100 | 100 100 100 . 100 100 Level 1 . | . . . . . . Level 2 . | . . . . . . Level 3 . | . . . . . . Level 4 . | . . . . . . Level 5 . | . . . . . . High Security . | . . . . . . Max Security . | . . . . . . Squads Dispatched 3 | . 1 . . . 2 Investigation 2 | . 1 . . . 1 Extermination . | . . . . . . Reinforcement 1 | . . . . . 1 Assault . | . . . . . . Garrison . | . . . . . . Intercept . | . . . . . . Searches Triggered . | . . . . . . Construction Impeded . | . . . . . . Haulers Reinforced . | . . . . . . Active Scanning Responses . | . . . . . . Cargo Convoy Interrupts . | . . . . . . Stealth | -11 -10 -10 -10 -9 -8 --------- Run | Yrd Mat Min Exi Min Mat Distress Signals 1 | . 1 . . . . Communications Jammed . | . . . . . . Distress Signals . | . . . . . . Times Spotted 25 | . 7 4 . 5 9 Peak Tracking Total 4 | . 4 2 . 3 3 Tactical Retreats 1 | . . 1 . . . Traps | -11 -10 -10 -10 -9 -8 ------- Run | Yrd Mat Min Exi Min Mat Traps Triggered . | . . . . . . Indirectly . | . . . . . . Trap Hack Attempts . | . . . . . . Triggered . | . . . . . . Disarmed . | . . . . . . Reprogrammed . | . . . . . . Reused . | . . . . . . Traps Extracted . | . . . . . . Installed . | . . . . . . Triggered . | . . . . . . Machines | -11 -10 -10 -10 -9 -8 ---------- Run | Yrd Mat Min Exi Min Mat Machines Disabled 1 | . . . . . 1 Max in Single Turn 1 | . . . . . 1 Garrison Access 1 | . . . . . 1 Machines Repaired . | . . . . . . Machines Dismantled . | . . . . . . Machines Sabotaged . | . . . . . . Overloaded Fab Kills . | . . . . . . Hacking | -11 -10 -10 -10 -9 -8 --------- Run | Yrd Mat Min Exi Min Mat Machines Accessed 6 | . 3 . . . 3 Terminals 5 | . 3 . . . 2 Fabricators . | . . . . . . Repair Stations . | . . . . . . Recycling Units . | . . . . . . Scanalyzers . | . . . . . . Garrison Access 1 | . . . . . 1 Total Hacks 21 | . 10 . . . 11 Successful 11 | . 4 . . . 7 Failed 10 | . 6 . . . 4 Catastrophic 2 | . 1 . . . 1 Database Lockouts . | . . . . . . Manual . | . . . . . . Terminals 18 | . 10 . . . 8 Fabricators . | . . . . . . Repair Stations . | . . . . . . Recycling Units . | . . . . . . Scanalyzers . | . . . . . . Garrison Access 3 | . . . . . 3 Terminal Hacks 9 | . 4 . . . 5 Record 1 | . . . . . 1 Prototype ID Bank 1 | . 1 . . . . Terminal Index 2 | . 1 . . . 1 Locate Traps 2 | . 1 . . . 1 Dispatch Records 1 | . . . . . 1 Surveillance Status 1 | . 1 . . . . Registered Components 1 | . . . . . 1 Fabricator Hacks . | . . . . . . Repair Station Hacks . | . . . . . . Recycling Unit Hacks . | . . . . . . Scanalyzer . | . . . . . . Garrison Access Hacks 2 | . . . . . 2 Unlock Access 1 | . . . . . 1 Seal Access 1 | . . . . . 1 Unauthorized Hacks . | . . . . . . Terminals . | . . . . . . Fabricators . | . . . . . . Repair Stations . | . . . . . . Recycling Units . | . . . . . . Scanalyzers . | . . . . . . Garrison Access . | . . . . . . Data Cores Recovered . | . . . . . . Used . | . . . . . . Hacking Detections 6 | . 3 . . . 3 Full Trace Events 4 | . 2 . . . 2 Feedback Events . | . . . . . . Feedback Blocked . | . . . . . . Robot Schematics Acquired . | . . . . . . Robots Built . | . . . . . . Authchips . | . . . . . . Time . | . . . . . . Total Robot Build Rating . | . . . . . . Part Schematics Acquired . | . . . . . . Parts Built . | . . . . . . Authchips . | . . . . . . Time . | . . . . . . Total Part Build Rating . | . . . . . . Parts Repaired . | . . . . . . Time . | . . . . . . Parts Recycled . | . . . . . . Recycled Matter . | . . . . . . Retrieved Matter . | . . . . . . Retrieved Components . | . . . . . . Parts Scanalyzed . | . . . . . . Part Schematics Acquired . | . . . . . . Parts Damaged . | . . . . . . Bothacking | -11 -10 -10 -10 -9 -8 ------------ Run | Yrd Mat Min Exi Min Mat Used RIF Installer . | . . . . . . Robots Hacked . | . . . . . . Non-combat . | . . . . . . Combat . | . . . . . . Robot Hacks Applied . | . . . . . . Relay Couplers Released . | . . . . . . Fabnet Peak Effective % . | . . . . . . Robots Rewired . | . . . . . . Allies Hacked . | . . . . . . Hacks Repelled . | . . . . . . Allies | -11 -10 -10 -10 -9 -8 -------- Run | Yrd Mat Min Exi Min Mat Total Allies . | . . . . . . Largest Group . | . . . . . . Highest-Rated Group . | . . . . . . Highest-Rated Ally . | . . . . . . Total Orders . | . . . . . . Ally Attacks . | . . . . . . Total Damage . | . . . . . . Kills . | . . . . . . Allies Corrupted . | . . . . . . Allies Melted . | . . . . . . Intel | -11 -10 -10 -10 -9 -8 ------- Run | Yrd Mat Min Exi Min Mat Robot Analysis Total . | . . . . . . Derelict Logs Recovered 2 | . . . . 2 . Drone Launches . | . . . . . . Drone Recoveries . | . . . . . . Exploration | -11 -10 -10 -10 -9 -8 ------------- Run | Yrd Mat Min Exi Min Mat Turns Passed 1663 | 60 183 138 541 388 353 Spaces Moved 1424 | 57 162 137 602 289 177 Core 17 | 13 . . . 3 1 Treads . | . . . . . . Legs 306 | . . . . 130 176 Wheels 1101 | 44 162 137 602 156 . Hover . | . . . . . . Flight . | . . . . . . Fastest Speed 50 | 50 90 90 90 90 110 Average Speed 100 | 80 90 90 90 106 152 Slowest Speed 500 | 90 90 90 90 300 500 Overloaded Moves . | . . . . . . Propulsion Burnouts . | . . . . . . Robots Hopped . | . . . . . . Cave-ins Triggered . | . . . . . . Exploration Rate (%) 38 | 4 28 30 90 64 13 Regions Visited 5 Branch Regions 3 Pre-discovered Areas . | . . . . . . Known Exits Taken 1 | . . . . 1 . Unknown Exits Taken 4 | 1 1 1 1 . . Scrap Searched 2 | . . 1 . 1 . Spaces Dug . | . . . . . . Terrain Destroyed 30 | . 6 17 . . 7 Melee . | . . . . . . Projectile 3 | . . . . . 3 AOE 27 | . 6 17 . . 4 Terrain Rammed . | . . . . . . Walls Destroyed . | . . . . . . Machines Disabled . | . . . . . . Actions | -11 -10 -10 -10 -9 -8 --------- Run | Yrd Mat Min Exi Min Mat Total 1553 | 70 182 146 601 331 223 Wait 10 | . . 3 . 4 3 Move 1419 | 56 161 136 601 288 177 Hop . | . . . . . . Pick Up 27 | 8 4 1 . 6 8 Fast Attach . | . . . . . . Attach 19 | 6 1 . . 5 7 Detach . | . . . . . . Swap 10 | . 6 2 . . 2 Drop 2 | . . . . . 2 Fire 64 | . 10 2 . 28 24 Melee . | . . . . . . Ram 2 | . . 2 . . . Kick . | . . . . . . Crush . | . . . . . . Escape Stasis . | . . . . . . Rewire . | . . . . . . Trap . | . . . . . . Miscellaneous . | . . . . . . Route ------- -11/Scrapyard -10/Materials -10/Mines -10/Exiles -9/Mines -8/Materials History --------- Turn | Location | Event 18 | -11/Scrapyard | Discovered new exit (range 16) 61 | -11/Scrapyard | Entered Materials 238 | -10/Materials | Discovered new exit (range 7) 244 | -10/Materials | Entered Mines 303 | -10/Mines | Build established: Mutant 313 | -10/Mines | Assembled infested the area 377 | -10/Mines | Discovered new exit (range 5) 382 | -10/Mines | Entered Exiles 412 | -10/Exiles | Met 8R-AWN 437 | -10/Exiles | Met EX-HEX 474 | -10/Exiles | Met EX-BIN 571 | -10/Exiles | Met EX-DEC 637 | -10/Exiles | Discovered new exit (range 14) 718 | -10/Exiles | Visited The Gauntlet 923 | -10/Exiles | Entered Mines 1039 | -9/Mines | Identified exit to Materials 1096 | -9/Mines | Core integrity fell below 50% 1166 | -9/Mines | Lost 5 parts (2n1u2w) 1264 | -9/Mines | Received a Rocket Launcher from a helpful Derelict 1311 | -9/Mines | Entered Materials 1311 | -8/Materials | Evolved 4 slots: Propulsion x1, Utility x2, Weapon x1 1326 | -8/Materials | Identified exit to Garrison 1636 | -8/Materials | Core integrity fell below 50% 1653 | -8/Materials | Core integrity fell below 20% 1665 | -8/Materials | Core destroyed Last Messages --------------- Overheating: Short circuit. Broken VSS Leg destroyed. Overheating: Energy bleed (-5). G-47 Trooper destroyed. U-05 Engineer destroyed. Terminal disabled. Rocket Launcher broken. Overheating: Short circuit. Overheating: Broken Ion Cannon damaged (-11). Overheating: Broken Adv. Beam Cannon damaged (-4). Overheating: Imp. Signal Interpreter damaged (-1). Overheating: Broken Rocket Launcher damaged (-3). Broken Ion Cannon destroyed. Overheating: Matter decay (-65). Broken Adv. Beam Cannon destroyed. Power failure, Lgt. Deuterium Engine shutdown. Overheating: Core damaged (-99). Map ----- +----------------------------------------------------+ | ?????????????????????????????????????????????????? | | ?????????????????????????????????????????????????? | | ?????????????????????????????????????????????????? | | ?????????????????????????????????????????????????? | | ?????????????????????????????????????????????????? | | ?????????????????????????????????????????????????? | | ?????????????????????????????????????????????????? | | ????????????????????^????????????????????????????? | | ????????????????????^????????????????????????????? | | ????????????????????^?????????????????????????? | | ??????????????????????????????????????????????# | | ??????????????????????????????????????????????# | | ??????????????????????????????????????????????# | | ?????????????????#####????????????????????????# | | ?????????????????? ???????????????????????# | | ??????????????????? ???????????????????????# | | ???????????????????? ???????????????????????# | | ????????????????????# ??????????????????????# | | ????????????????????# ??????????????????????# | | ????????????????????# #####?????????????????# | | ????????????????????# %########??????????????# | | ????????????????????# % r! #?????????????## | | ????????????????????# !%| ############### | | ????????????????????# %g= %!* | | ????????????????????##### ###########" "## T | | ??????????????????????# @*%= #???????#"R"## | | ??????????????????????# ! #???????#"""## | | ??????????????????????# #???????########## | | ??????????????????????# [ #######??????????? | | ??????????????????????# # #????####### | | ??????????????????????# """ """ # ###### | | ??????????????????????# """ """ #[] + | | ??????????????????????# """ """ #[]] ###### | | ??????????????????????###########[ #????####### | | ????????????????????????????????# #??????????? | | ????????????????????????????????# ** #??????????? | | ????????????????????????????????#######??????????? | | | | | | | | | | | | | | | | | | | | | | | | | | | +----------------------------------------------------+ Best States ------------- Heat Dissipation 31 Energy Generation 14 Energy Capacity 250 Matter Stores 300 Matter Capacity 300 Sight Range 16 Robot Scan Range 14 Terrain Scan Range 14 Terrain Scan Density 10 ECM Strength 1 Evasion (%) 55 Item Schematics ----------------- None Robot Schematics ------------------ None Fabricated ------------ Nothing Alien Tech Used ----------------- None Achievements -------------- None Challenges ------------ None Game ------ Seed ServoXenonSword Manual? 0 Play Time 00:19:14 Cumulative 5.6 hours Start 2025.01.16 @ 12:58:38 End 2025.01.17 @ 08:35:21 Sessions 2 Manual Loads 0 Difficulty Rogue Special Mode None Game No. 12 Rogue 12 Adventurer 0 Explorer 0 Win Type - Total 0 Types 0/0/0/0/0/0/0/0/0 Lore% 10 Gallery% 9 Achievement% 12 Wizard Run 0 Options --------- Layout 1 ASCII 0 Keyboard 0 Movement Arrows Keybinds 0 Fullscreen 1 Font 24/Smallcaps Map View 50x35 Zoom Use 0% Tactical HUD 0 Map Filters NONE Filters NONE Steam 1 RUN: 74d00124-1de0-4b19-bafb-7fb4b7f062d9